 Dungeon Crawl Stone Soup version 0.26-a0-812-g31a745ddcd (webtiles) character file.

Game seed: 2476835026887245193

11 schauveau the Chopper (level 2, 0/27 HPs)
             Began as a Minotaur Monk on Nov 24, 2020.
             Succumbed to an adder's poison
             ... on level 3 of the Dungeon.
             The game lasted 00:00:47 (275 turns).

schauveau the Chopper (Minotaur Monk)                Turns: 275, Time: 00:00:47

Health: 0/27       AC:  2    Str: 15    XL:     2   Next: 17%
Magic:  1/1        EV: 13    Int:  7    God:
Gold:   20         SH:  0    Dex: 12    Spells: 1/1 levels left

rFire    . . .     SeeInvis .   a - +0 hand axe
rCold    . . .     Faith    .   (no shield)
rNeg     . . .     Spirit   .   b - +0 robe
rPois    .         Reflect  .   (helmet restricted)
rElec    .         Harm     .   (no cloak)
rCorr    .         Rampage  .   (no gloves)
MR       .....                  (no boots)
Stlth    ++........             (no amulet)
HPRegen  0.09/turn              (no ring)
MPRegen  0.07/turn              (no ring)

@: lethally poisoned (0 -> -13)
A: retaliatory headbutt, horns 2
a: no special abilities


You were on level 3 of the Dungeon.
You visited 1 branch of the dungeon, and saw 3 of its levels.

You collected 20 gold pieces.

Inventory:

Hand Weapons
 a - a +0 hand axe (weapon)
Armour
 b - a +0 robe (worn)
Jewellery
 c - an uncursed amulet of guardian spirit {unknown}
Scrolls
 d - 2 scrolls of enchant armour {unknown}
 e - a scroll of blinking {unknown}
 f - 2 scrolls of remove curse {unknown}
Potions
 g - a potion of invisibility {unknown}
 h - a potion of mutation {unknown}


   Skills:
 + Level 3.9 Fighting
 * Level 4.2 Axes
 - Level 3.2 Dodging
 - Level 1.5 Stealth


You had one spell level left.
You didn't know any spells.
Your spell library was empty.

Dungeon Overview and Level Annotations

Branches:
Dungeon (3/15)

Altars:


Innate Abilities, Weirdness & Mutations

You reflexively headbutt those who attack you in melee.
You have a pair of horns on your head.


Message History

You barely miss the adder. Your headbutt misses the adder.
The adder is moderately wounded.
You miss the quokka. The adder bites you.
You are more poisoned.
The adder poisons you! The quokka closely misses you.
You hit the quokka. Your headbutt misses the quokka.
The quokka is severely wounded.
You hit the adder but do no damage.
You feel sick. The adder bites you.
You are lethally poisoned!
The adder poisons you! The quokka closely misses you. The adder bites you.
* * * LOW HITPOINT WARNING * * *
You are more poisoned.
The adder poisons you!
The quokka bites you but does no damage.
* * * LOW HITPOINT WARNING * * *
You feel sick. The quokka bites you.
* * * LOW HITPOINT WARNING * * *
* * * LOW HITPOINT WARNING * * *
You feel sick.
You die...

## ##########
.. #........#
###. #.#####)##
... #.# #.# #
##.######.# #.#
....#..rS.@...#
#.#
........#######
#.# ..........#
#.# ........#.#
#.# ........#.#
#.# ######### #
#.# #†# #.# #.#


You could see an adder and a quokka.

Vanquished Creatures
  4 giant cockroaches
  3 kobolds (D:2)
  A quokka (D:2)
  A bat (D:2)
  A frilled lizard (D:2)
10 creatures vanquished.

Notes
Turn   | Place    | Note
-------+----------+-------------------------------------------
     0 | D:1      | schauveau the Minotaur Monk began the quest for the Orb.
     0 | D:1      | Reached XP level 1. HP: 19/19 MP: 0/0
   124 | D:2      | Reached skill level 4 in Axes
   134 | D:2      | Reached XP level 2. HP: 24/27 MP: 1/1
   275 | D:3      | Succumbed to an adder's poison

Illustrated notes

Levels and vault maps discovered:
D:1:      wander_arrival_fairy_ring, layout_basic
D:2:      layout_loops_ring, lemuel_coloured_pillars_altar
D:3:      cheibrodos_pilgrimage, layout_basic,
          grunt_temple_overflow_order_and_chaos_1, kennysheep_big_empty_room,
          nicolae_qazlal_general_emergency

Skill      XL: |  1 |
---------------+----+-----
Axes           | 4 |  4.2
Fighting       | |  3.9
Dodging        | |  3.2
Stealth        | |  1.5

Action                   || total
-------------------------++-------
Melee: Hand axe          ||    22
       Headbutt          ||     4
 Stab: Sleeping          ||     1
Armor: Robe              ||     3
Dodge: Dodged            ||    22

Table legend: (Time is in decaauts)
 A = Elapsed time spent in this place.
 B = Non-inter-level travel time spent in this place.
 C = Inter-level travel time spent in this place.
 D = Time resting spent in this place.
 E = Time spent auto-exploring this place.
 F = Levels seen in this place.
 G = Mean time per level.
                   A        B        C        D        E       F      G
               +--------+--------+--------+--------+--------+-----+--------+
         Total |    278 |    262 |     16 |      0 |     84 |   3 |   92.7 |
       Dungeon |    278 |    262 |     16 |      0 |     84 |   3 |   92.7 |
               +--------+--------+--------+--------+--------+-----+--------+

Top non-repeatable levels by time:
     D:2: 119 daAuts
     D:3: 101 daAuts
     D:1: 58 daAuts
